 Dungeon Crawl Stone Soup version 0.27.0-1-g7a089689b8 (webtiles) character file.

Game seed: 17889468511052539190

5341 theswoord the Cleaver (level 10, -10/67 HPs)
             Began as a Demonspawn Gladiator on Aug 8, 2021.
             Was a Follower of Wu Jian.
             Mangled by Gastronok (32 damage)
             ... on level 9 of the Dungeon.
             The game lasted 00:12:18 (10685 turns).

theswoord the Cleaver (Demonspawn Gladiator)       Turns: 10685, Time: 00:12:19

Health: -10/67     AC: 15    Str: 17    XL:     10   Next: 38%
Magic:  10/10      EV: 10    Int: 10    God:    Wu Jian [*.....]
Gold:   367        SH:  0    Dex: 15    Spells: 9/9 levels left

rFire    . . .     SeeInvis .   a - +1 war axe (venom)
rCold    . . .     Faith    .   (no shield)
rNeg     . . .     Spirit   .   x - +0 scale mail
rPois    .         Reflect  .   c - +0 helmet
rElec    .         Harm     .   (no cloak)
rCorr    .         Rampage  .   (no gloves)
Will     .....                  f - +0 pair of boots
Stlth    ..........             (no amulet)
HPRegen  0.21/turn              s - +4 ring of slaying
MPRegen  0.12/turn              j - +4 ring of protection

@: no status effects
A: molten scales 2, foul stench 2, demonic magic 1
a: Renounce Religion


You were on level 9 of the Dungeon.
You worshipped Wu Jian.
Wu Jian was aware of your devotion.
You visited 2 branches of the dungeon, and saw 10 of its levels.

You collected 367 gold pieces.

Inventory:

Hand Weapons
 a - a +1 war axe of venom (weapon)
 o - a +1 vorpal hand axe
 q - a +1 whip of venom
 y - a +2 scimitar of flaming
Missiles
 d - 3 throwing nets (quivered)
Armour
 b - a +0 leather armour
 c - a +0 helmet (worn)
 f - a +0 pair of boots (worn)
 k - a +2 animal skin
 x - a +0 scale mail (worn)
Jewellery
 i - a +6 ring of dexterity
 j - a +4 ring of protection (right hand)
 s - a +4 ring of slaying (left hand)
 v - a ring of poison resistance
Wands
 w - a wand of iceblast (10)
Scrolls
 e - 4 scrolls of vulnerability
 r - 3 scrolls of identify
 u - a scroll of magic mapping
Potions
 g - a potion of curing
 h - 2 potions of degeneration
 l - a potion of brilliance {unknown}
 m - a potion of cancellation {unknown}
 n - a potion of lignification {unknown}
 p - 2 potions of haste {unknown}
 t - a potion of ambrosia {unknown}


   Skills:
 + Level 2.0 Fighting
 * Level 13.9 Axes
 - Level 1.7 Throwing
 - Level 2.6 Dodging


You had 9 spell levels left.
You didn't know any spells.
Your spell library was empty.

Dungeon Overview and Level Annotations

Branches:
Dungeon (9/15)             Temple (1/1) D:7            Lair (0/6) D:9
    Orc: D:9-12

Altars:
Ashenzari
Elyvilon
Hepliaklqana
Nemelex Xobeh
Okawaru
Ru
Sif Muna
Trog
Uskayaw
Vehumet
Wu Jian
The Shining One

Shops:
D:5 [[=   D:8 [

Annotations:
D:9 Gastronok


Innate Abilities, Weirdness & Mutations

You are mostly covered in molten scales. (AC +3)
You sometimes emit foul miasma when damaged in melee.
Spells you cast may paralyse adjacent enemies.


Message History

Gastronok is lightly wounded.
You barely miss the bat. The bat hits you but does no damage.
Gastronok bites you!!
You emit a cloud of foul miasma!
You slash Gastronok!
Gastronok looks as sick as possible!
Gastronok is lightly wounded.
You closely miss the bat. The bat hits you but does no damage.
You hit Gastronok.
Gastronok looks as sick as possible!
Gastronok is lightly wounded.
You slash the bat!
You kill the bat!
The bat's corpse disappears in a puff of smoke!
You hit the rat but do no damage.
The rat is poisoned.
The rat closely misses you.
Gastronok is engulfed in dark miasma.
Gastronok looks as sick as possible!
Gastronok's eyestalks quiver as he mumbles some strange words.
Gastronok puts on a burst of speed!
You hit Gastronok.
Gastronok is moderately wounded.
You hit the rat.
You kill the rat!
The rat's corpse disappears in a puff of smoke!
You hit Gastronok.
Gastronok looks as sick as possible!
Gastronok is moderately wounded.
You barely miss the quokka. The quokka bites you.
Unknown command.
You slash Gastronok!
Gastronok looks as sick as possible!
Gastronok is heavily wounded.
You closely miss the quokka.
Gastronok is engulfed in dark miasma.
Gastronok looks as sick as possible!
Gastronok bites you!
* * * LOW HITPOINT WARNING * * *
The quokka bites you but does no damage.
Unknown command.
You hit Gastronok.
Gastronok is heavily wounded.
You hit the quokka.
The quokka bites you but does no damage.
You hit Gastronok.
Gastronok is heavily wounded.
You closely miss the quokka. Gastronok bites you!!
You die...

.. .## ##.# ... .## #..#
.... .... ##..# ...#
....##...# #..#
........####...#
#.........r...# .....
#.......@w...# #Y ....
#.....#####..'.#.#Y ...#
#.....# ##.#....# ...#
#....## #..#YY. ...##
#....# #..#8. ....##
#....# ##...###'##
.....####.†..##
#..........
....>÷..)÷(...####....o#
####.÷..##.....##.....##


You could see Gastronok (swift, extremely poisoned) and a quokka (summoned).

Vanquished Creatures
  Erica (D:8)
  A troll (D:9)
  10 yaks (D:9)
  A water moccasin (D:6)
  An orc warrior (D:8)
  A necrophage (D:6)
  2 black bears (D:9)
  A sky beast (D:5)
  2 ogres
  3 centaurs
  2 kobold brigands
  A phantom (D:5)
  7 bullfrogs
  A scorpion (D:9)
  A wyvern zombie (D:8)
  A water moccasin zombie (D:5)
  2 bullfrog zombies (D:5)
  3 hounds
  2 centaur skeletons
  A bullfrog skeleton (D:6)
  4 centaur zombies
  3 orc priests
  3 jellies
  4 gnoll shamans
  Jessica (D:2)
  An iguana (D:6)
  10 orc wizards
  A hound skeleton (D:4)
  A howler monkey zombie (D:6)
  Robin (D:3)
  14 gnolls
  3 adders
  A shadow imp (D:6)
  A white imp (D:6)
  2 ufetubi (D:6)
  A worm (D:4)
  2 dart slugs
  18 orcs
  3 ball pythons
  4 endoplasms
  2 giant cockroaches
  12 goblins
  7 hobgoblins
  7 jackals
  6 quokkas
  8 bats
  3 frilled lizards
  16 kobolds
  6 rats
189 creatures vanquished.

Vanquished Creatures (others)
  A hobgoblin (D:4)
  A bush (D:8)
  26 fungi (D:9)
  46 plants (D:9)
74 creatures vanquished.

Grand Total: 263 creatures vanquished

Notes
Turn   | Place    | Note
-------+----------+-------------------------------------------
     0 | D:1      | theswoord the Demonspawn Gladiator began the quest for the
                  | Orb.
     0 | D:1      | Reached XP level 1. HP: 16/16 MP: 1/1
    46 | D:1      | Reached skill level 3 in Axes
   200 | D:1      | Gained mutation: You may rarely emit foul miasma when
                  | damaged in melee. [demonic ancestry]
   200 | D:1      | Reached XP level 2. HP: 8/22 MP: 2/2
  1266 | D:2      | Noticed Jessica
  1272 | D:2      | Killed Jessica
  1273 | D:2      | Reached skill level 4 in Axes
  1273 | D:2      | Gained mutation: Spells you cast may paralyse adjacent
                  | enemies. [demonic ancestry]
  1273 | D:2      | Reached XP level 3. HP: 24/27 MP: 3/3
  2424 | D:3      | Gained mutation: You are partially covered in molten
                  | scales. (AC +2) [demonic ancestry]
  2424 | D:3      | Reached XP level 4. HP: 27/33 MP: 4/4
  2884 | D:3      | Reached skill level 5 in Axes
  2907 | D:3      | Noticed Robin
  3109 | D:3      | Killed Robin
  3110 | D:3      | Reached XP level 5. HP: 24/38 MP: 5/5
  3941 | D:4      | Found a radiant altar of Vehumet.
  4690 | D:5      | Entered Level 5 of the Dungeon
  4714 | D:5      | Reached skill level 6 in Axes
  4716 | D:5      | Reached XP level 6. HP: 38/44 MP: 6/6
  5048 | D:5      | Reached skill level 7 in Axes
  5259 | D:5      | Found Cugaith's Armour Shop.
  5289 | D:5      | Noticed a sky beast
  5296 | D:5      | Reached XP level 7. HP: 34/50 MP: 7/7
  5550 | D:5      | Reached skill level 8 in Axes
  5690 | D:5      | Found Paucw's Antique Armour Boutique.
  5728 | D:5      | Found a hazy altar of Hepliaklqana.
  5776 | D:5      | Found Xeroc's Jewellery Emporium.
  6340 | D:6      | Reached skill level 9 in Axes
  6340 | D:6      | Gained mutation: You sometimes emit foul miasma when
                  | damaged in melee. [demonic ancestry]
  6340 | D:6      | Reached XP level 8. HP: 56/56 MP: 8/8
  6369 | D:6      | Found a sacrificial altar of Ru.
  6821 | D:6      | Reached skill level 10 in Axes
  6942 | D:6      | Found a broken altar of Ashenzari.
  7781 | D:7      | Found a hide-covered altar of Uskayaw.
  8508 | D:7      | Found a staircase to the Ecumenical Temple.
  8650 | Temple   | Entered the Ecumenical Temple
  8674 | Temple   | Became a worshipper of the Wu Jian Council
  8884 | D:8      | Reached skill level 11 in Axes
  8884 | D:8      | Gained mutation: You are mostly covered in molten scales.
                  | (AC +3) [demonic ancestry]
  8884 | D:8      | Reached XP level 9. HP: 51/61 MP: 9/9
  9681 | D:8      | Noticed Erica
  9694 | D:8      | Killed Erica
  9695 | D:8      | Reached skill level 12 in Axes
 10032 | D:8      | Found Daful's Armour Emporium.
 10191 | D:9      | Found a staircase to the Lair.
 10214 | D:9      | Reached * piety under Wu Jian
 10320 | D:9      | Reached skill level 13 in Axes
 10323 | D:9      | Reached XP level 10. HP: 67/67 MP: 10/10
 10391 | D:9      | Noticed Gastronok
 10685 | D:9      | Mangled by Gastronok

Skill      XL: |  1  2  3  4  5  6  7  8  9 |
---------------+----------------------------+-----
Axes           | 3 4 5 6 7 9 11 13 | 13.9
Fighting       | |  2.0
Throwing       | |  1.7
Dodging        | |  2.6

Action                   |  1- 3 |  4- 6 |  7- 9 | 10-12 || total
-------------------------+-------+-------+-------+-------++-------
Melee: War axe           |    94 |   173 |   279 |    55 ||   601
Invok: Lunge             |       |       |    12 |     2 ||    14
  Use: Potion            |     1 |       |     3 |       ||     4
       Scroll            |     3 |     6 |     2 |       ||    11
 Stab: Sleeping          |     1 |     1 |       |       ||     2
       Paralysed         |       |       |     1 |       ||     1
Armor: Leather armour    |    36 |    33 |       |       ||    69
       Animal skin       |       |    50 |    69 |       ||   119
       Scale mail        |       |       |    82 |    19 ||   101
Dodge: Dodged            |    89 |   161 |   159 |    20 ||   429

Levels and vault maps discovered:
D:1:      evilmike_arrival_plus, layout_loops_ring, serial_forest,
          infiniplex_forest_clump_tiny, infiniplex_forest_lined_room_,
          infiniplex_forest_clump_curved, infiniplex_forest_clump_medium,
          infiniplex_forest_pool, infiniplex_forest_clump_C,
          infiniplex_forest_fountain, infiniplex_forest_lined_room_2,
          infiniplex_forest_clump_small
D:2:      layout_loops_ring, lemuel_flame_loot_1, uniq_jessica
D:3:      layout_loops_cross, uniq_robin
D:4:      layout_cave_pools, fiery_altar_vehumet, kennysheep_opposing_triangles
D:5:      layout_basic, nzn_hepliaklqana_mist_gate, serial_shops,
          kennysheep_mini_moat, shop, shop_statue, hangedman_decor_riveting,
          chequers_serial_rivers_large_a, minmay_a_box_with_orc_wizards_in_it
D:6:      layout_loops_ring, nicolae_ru_great_annihilating_truth,
          evilmike_ruin_ashenzari, kennysheep_donut, feat_on_display
D:7:      layout_layer_cave, lemuel_round_altar, minmay_temple_entry_fiery
D:8:      layout_basic, serial_shops, nicolae_shop_stone,
          kb_lookout_dungeons_type, uniq_erica
D:9:      layout_layer_cave, tso_metal_star, jmf_multi_god_temple2,
          due_lair_maze_entry_diamond, erik_orc_1, nrook_mini_vaults,
          minivault_1, uniq_gastronok
Temple:   nicolae_temple_great_sept
